 Dungeon Crawl Stone Soup version 0.25.0-37-gb73750e0fb (webtiles) character file.

Game seed: 12997575479846350167

1614 funkygono the Destroyer (level 8, -2/61 HPs)
             Began as a White Draconian Conjurer on July 9, 2020.
             Was an Initiate of Vehumet.
             Killed by divine providence
             ... invoked by an orc priest
              (9 damage)
             ... on level 5 of the Dungeon.
             The game lasted 00:12:24 (6351 turns).

funkygono the Destroyer (White Draconian Conjurer)  Turns: 6351, Time: 00:12:25

Health: -2/61      AC: 11    Str: 10    XL:     8   Next: 64%
Magic:  15/26      EV: 13    Int: 18    God:    Vehumet [......]
Gold:   325        SH:  0    Dex: 12    Spells: 16/19 levels left

rFire    . . .     SeeInvis .   v - +3 flail (vorpal)
rCold    + . .     Gourm    .   (no shield)
rNeg     . . .     Faith    +   (armour unavailable)
rPois    .         Spirit   .   (helmet restricted)
rElec    .         Reflect  .   (no cloak)
rCorr    .         Harm     .   (no gloves)
MR       .....                  h - +0 pair of boots
Stlth    ++........             l - amulet of faith
HPRegen  0.20/turn              g - ring of magical power
MPRegen  0.20/turn              q - +4 ring of protection

@: lethally poisoned (-2 -> -19)
A: breathe frost, unfitting armour, cold resistance 1, cold-blooded, AC +6
a: Breathe Frost, Renounce Religion


You were on level 5 of the Dungeon.
You worshipped Vehumet.
Vehumet was noncommittal.
You were not hungry.

You visited 2 branches of the dungeon, and saw 7 of its levels.

You collected 325 gold pieces.

Inventory:

Hand Weapons
 j - a +2 club
 v - a +3 vorpal flail (weapon)
Missiles
 c - 179 stones (quivered)
Armour
 h - a +0 pair of boots (worn)
Jewellery
 g - a ring of magical power (left hand)
 l - an amulet of faith (around neck)
 n - an uncursed ring of flight
 q - a +4 ring of protection (right hand)
Wands
 p - a wand of polymorph (6)
 s - a wand of flame (16)
Scrolls
 a - a scroll of teleportation
 m - 2 scrolls of identify
 o - a scroll of remove curse
Potions
 e - 2 potions of flight
 f - a potion of stabbing
 i - a potion of mutation
 k - a potion of curing
 r - a potion of lignification
 t - a potion of berserk rage
Comestibles
 b - 5 rations


   Skills:
 + Level 2.0 Fighting
 + Level 1.9 Maces & Flails
 + Level 3.7 Dodging
 + Level 3.2 Stealth
 + Level 6.2 Spellcasting
 + Level 8.0 Conjurations


You had 16 spell levels left.
You knew the following spells:

 Your Spells              Type           Power        Failure   Level  Hunger
a - Magic Dart            Conj           ####         1%          1    None
b - Searing Ray           Conj           ####..       1%          2    None

Your spell library contained the following spells:

 Spells                   Type           Power        Failure   Level  Hunger
 Dazzling Flash           Conj/Hex       ###...       7%          3    ##.....
 Fulminant Prism          Conj/Hex       ###.......   22%         4    ####...
 Iskenderun's Mystic Bla  Conj/Tloc      ###.....     22%         4    ####...


Dungeon Overview and Level Annotations

Branches:
Dungeon (6/15)             Temple (1/1) D:5

Altars:
Ashenzari
Dithmenos
Fedhas
Hepliaklqana
Kikubaaqudgha
Makhleb
Nemelex Xobeh
Okawaru
Qazlal
Ru
Sif Muna
Vehumet
Wu Jian
Xom
Zin
The Shining One


Innate Abilities, Weirdness & Mutations

You can breathe waves of freezing cold.
You can buffet flying creatures when you breathe cold.
Your icy white scales are hard. (AC +6)
You cannot fit into any form of body armour.
Your flesh is cold resistant. (rC+)
You are cold-blooded and may be slowed by cold attacks.


Message History

* * * LOW HITPOINT WARNING * * *
You are lethally poisoned!
The orc hits you but does no damage.
* * * LOW HITPOINT WARNING * * *
You feel very sick. The orc misses you.
* * * LOW HITPOINT WARNING * * *
You feel sick.
* * * LOW HITPOINT WARNING * * *
You feel sick.
* * * LOW HITPOINT WARNING * * *
You feel sick.
Okay, then.
* * * LOW HITPOINT WARNING * * *
You feel sick.
* * * LOW HITPOINT WARNING * * *
You feel sick.
The orc priest calls down the wrath of Beogh upon you.
Beogh smites you!
You die...

## ####
.####################..#
..#....................#
.....##.<###########.###
.###.....# ###.......#
..#......#####...##....#
.............#.####....#
#....#....##.o..@.#....#######
.....#....oo...##......#.....#
.........oo#.####..P...#.....#
#........o.#....P..###.#.....#
#..._...>..##......#.#.#.....#
#...[....#....PP.....#.......#
#.......##....P.#....#.#.....#
...............##.._.#.#.....#
#.....###.......#....#.......#


You could see an orc priest, an orc wizard (fast) and 3 orcs.

Vanquished Creatures
  Eustachio (D:5)
  Edmund (D:5)
  2 ice beasts (D:5)
  A phantom (D:4)
  2 ogres (D:4)
  Blork the orc (D:5)
  3 bullfrogs
  2 crimson imps (D:5)
  A bullfrog zombie (D:5)
  A centaur zombie (D:5)
  An orc wizard (D:4)
  A hound (D:4)
  2 orc priests (D:5)
  2 centaur skeletons (D:4)
  2 iguanas (D:4)
  4 worker ants
  2 hound skeletons (D:4)
  9 adders
  An ooze (D:5)
  5 worms
  5 dart slugs
  5 leopard geckos
  11 orcs
  6 giant cockroaches
  10 goblins
  5 hobgoblins
  10 jackals
  4 kobolds
  A quokka (D:2)
  A ball python (D:2)
  5 bats
  4 frilled lizards
  5 rats
116 creatures vanquished.

Vanquished Creatures (others)
  4 toadstools (D:1)
4 creatures vanquished.

Grand Total: 120 creatures vanquished

Notes
Turn   | Place    | Note
-------+----------+-------------------------------------------
     0 | D:1      | funkygono the Draconian Conjurer began the quest for the
                  | Orb.
     0 | D:1      | Reached XP level 1. HP: 14/14 MP: 3/3
   135 | D:1      | Reached XP level 2. HP: 10/20 MP: 0/5
   139 | D:1      | Learned a level 2 spell: Searing Ray
  1067 | D:2      | Reached XP level 3. HP: 22/26 MP: 1/6
  1740 | D:2      | Reached skill level 5 in Conjurations
  2136 | D:2      | Reached XP level 4. HP: 33/33 MP: 7/7
  3106 | D:3      | Found a hazy altar of Hepliaklqana.
  3107 | D:3      | Found a shadowy altar of Dithmenos.
  3107 | D:3      | Noticed a shadow
  3259 | D:4      | Noticed an ogre
  3265 | D:4      | Killed an ogre
  3265 | D:4      | Reached XP level 5. HP: 38/38 MP: 10/10
  3451 | D:4      | Reached XP level 6. HP: 45/45 MP: 11/11
  3823 | D:4      | Reached skill level 6 in Conjurations
  4361 | D:4      | Your scales start taking on an icy white colour.
  4361 | D:4      | Reached XP level 7. HP: 51/51 MP: 13/13
  4361 | D:4      | Gained mutation: Your flesh is cold resistant. (rC+) [White
                  | Draconian growth]
  4414 | D:4      | Reached skill level 1 in Maces & Flails
  4422 | D:4      | Reached skill level 1 in Fighting
  4822 | D:5      | Entered Level 5 of the Dungeon
  4841 | D:5      | Reached skill level 5 in Spellcasting
  4841 | D:5      | Reached skill level 7 in Conjurations
  4927 | D:5      | Found an ancient bone altar of Kikubaaqudgha.
  5013 | D:5      | Reached XP level 8. HP: 49/59 MP: 4/15
  5178 | D:5      | Found a shattered altar of Ashenzari.
  5305 | D:5      | Found a staircase to the Ecumenical Temple.
  5311 | Temple   | Entered the Ecumenical Temple
  5380 | Temple   | Became a worshipper of Vehumet
  5606 | D:5      | Noticed Blork the orc
  5613 | D:5      | Killed Blork the orc
  5769 | D:5      | Found a stormy altar of Qazlal.
  5790 | D:5      | Noticed Edmund
  5807 | D:5      | Killed Edmund
  6087 | D:5      | Noticed Eustachio
  6096 | D:5      | Killed Eustachio
  6233 | D:6      | Noticed a hippogriff
  6331 | D:6      | Reached skill level 8 in Conjurations
  6351 | D:5      | Killed from afar by an orc priest

Illustrated notes

Levels and vault maps discovered:
D:1:      minmay_arrival_doors, layout_rooms, chequers_serial_rivers_large_a,
          minmay_gold_behind_fungi, minmay_tromino_v4_a
D:2:      layout_loops_ring, corexii_corridor_pit
D:3:      layout_rooms, riverfiend_overflow_shadow_ancestor
D:4:      minmay_bubble_buster, layout_cave_pods, first_ration
D:5:      layout_rooms, kiku_gazebo_garden_becter, minmay_temple_entry_hall,
          basic_altar, nicolae_qazlal_eye_of_the_storm, uniq_blork_the_orc,
          uniq_edmund, uniq_eustachio
D:6:      layout_cave_pods, chequers_temple_overflow_minitemple,
          trog_ov_bears_minmay, st_stairs_1
Temple:   hc_temple_tempest_star

Skill      XL: |  1  2  3  4  5  6  7  8 |
---------------+-------------------------+-----
Conjurations   | 5 6 7 8 |  8.0
Stealth        | 2 3 |  3.2
Dodging        | 2 3 |  3.7
Spellcasting   | 3 4 5 6 |  6.2
Maces & Flails | 1 |  1.9
Fighting       | 1 2 |  2.0

Action                   |  1- 3 |  4- 6 |  7- 9 || total
-------------------------+-------+-------+-------++-------
Melee: Unarmed           |    33 |     3 |       ||    36
       Tailslap          |     2 |       |     4 ||     6
       Club              |       |    16 |    32 ||    48
       Flail             |       |       |     2 ||     2
 Cast: Magic Dart        |    79 |    87 |    72 ||   238
       Searing Ray       |     4 |    13 |    24 ||    41
 Abil: Breathe Frost     |       |       |     2 ||     2
  Use: Scroll            |     2 |     6 |    10 ||    18
       Potion            |       |     1 |       ||     1
  Eat: Chunk             |     4 |     8 |     4 ||    16
       Ration            |       |       |     1 ||     1
Armor: Skin              |    21 |     8 |    35 ||    64
Dodge: Dodged            |    26 |    24 |    63 ||   113
Block: Kite shield       |       |     1 |     3 ||     4
